[Event "*** Titled Tuesday Blitz"]
[Site "Chess.com"]
[Date "2020.04.28"]
[Round "9"]
[White "dzhumagaliev"]
[Black "LuckSlayeer"]
[Result "1-0"]
[WhiteElo "2730"]
[BlackElo "2529"]
[TimeControl "180+1"]
[EndTime "11:46:41 PDT"]
[Termination "dzhumagaliev won by resignation"]

1. h4 d5 2. h5 e5 3. c3 c5 4. d4 exd4 5. cxd4 Nc6 6. Nf3 cxd4 7. h6 Nxh6 8. Bxh6 gxh6 9. Nbd2 Bg7 10. Qb3 Qb6 11. Rd1 Bf5 12. g4 Bxg4 13. Rg1 h5 14. Qxd5 Nb4 15. Qe4+ Qe6 16. Qxe6+ Bxe6 17. Rc1 Bh6 18.
a3 Nc6 19. Rc5 f5 20. Bh3 Bf8 21. Rb5 a6 22. Rxb7 O-O-O 23. Rb6 Kc7 24. Rxa6 d3 25. exd3 Bh6 26. Nc4 Rhe8 27. Kf1 Bd5 28. Nfd2 Bxc4 29.
Nxc4 Rxd3 30. Rg3 Rd1+ 31. Kg2 f4 32. Rc3 Kb7 33. Rxc6 Kxc6 34. Ne3+ Kd6 35. Nxd1 Rg8+ 36. Kf3 Rb8 37. Bf5 Bg7 38. Rd3+ Ke5 39. Bxh7 h4 40. Kg4 Ke6 41. Bf5+ Ke7 42. Rd7+ Kf8 43. b4 Bf6 44.
Kxf4 Rb5 45. Ne3 Be5+ 46. Kg5 h3 47. Bxh3 Bg3+ 48. Nf5 Bxf2 49. Kf6 Rb6+ 50. Rd6 Rxd6+ 51. Nxd6 Bd4+ 52. Ke6 Bb2 53. a4 Bc3 54. b5 Ba5 55. Nc4 Bc7 56. b6 1-0

[Event "*** Titled Tuesday Blitz"]
[Site "Chess.com"]
[Date "2020.04.28"]
[Round "9"]
[White "Vesper2018"]
[Black "Kotofeyca"]
[Result "1-0"]
[WhiteElo "2099"]
[BlackElo "2412"]
[TimeControl "180+1"]
[EndTime "11:46:41 PDT"]
[Termination "Vesper2018 won on time"]

1. e4 c5 2. Nf3 d6 3. d4 cxd4 4. Nxd4 Nf6 5. Nc3 a6 6. h3 e5 7. Nde2 b5 8. g4 Bb7 9. Bg2 b4 10. Nd5 Bxd5 11. exd5 g6 12. O-O Bg7 13. f4 exf4 14.
Bxf4 O-O 15. Qd2 Nbd7 16. Kh1 Qb6 17. Be3 Qb7 18. Nd4 Ne5 19. Bg5 Nfd7 20. b3 Rfe8 21.
Rae1 Qb6 22. Nc6 a5 23. Be3 Qc7 24. Bd4 Rac8 25. Qf4 Ra8 26. g5 Rac8 27. h4 Nb8 28. Nxb8 Rxb8 29. h5 Rb7 30. Re2 Qe7 31. Ref2 Rc7 32.
Qh4 Rf8 33. Re2 Qd7 34. Be4 Qc8 35. Rh2 Qg4 36. Qxg4 Nxg4 37. Bxg7 Kxg7 38. Re2 gxh5 39. Kg2 Ne5 40. Kg3 Rc3+ 41. Kf4 Rfc8 42. Rh2 h6 43.
gxh6+ Kxh6 44. Rfh1 Kg7 45. Rxh5 Rxc2 46. Rg5+ Kf6 47.
Bxc2 1-0

[Event "*** Titled Tuesday Blitz"]
[Site "Chess.com"]
[Date "2020.04.28"]
[Round "9"]
[White "LittlePeasant"]
[Black "kingmonkey2006"]
[Result "0-1"]
[WhiteElo "2750"]
[BlackElo "2623"]
[TimeControl "180+1"]
[EndTime "11:46:42 PDT"]
[Termination "kingmonkey2006 won on time"]

1. Nf3 Nf6 2. c4 e6 3. g3 d5 4. b3 Be7 5. Bg2 O-O 6. O-O c6 7. Bb2 b6 8. d3 Bb7 9. Qc2 Nbd7 10. Nbd2 a5 11. a3 Rc8 12. e4 Qc7 13. e5 Ne8 14.
Rae1 c5 15. h4 g6 16. cxd5 Bxd5 17. Ne4 Qb7 18. Qc1 Ng7 19. Qf4 Bxe4 20. Rxe4 Qc7 21. Rfe1 Rfd8 22. g4 Nf8 23. R1e3 b5 24. Qh6 a4 25. bxa4 c4 26. dxc4 bxc4 27. Bc3 Rd3 28. Bf1 Rd1 29. Re1 Qd7 30. Nd2 Rxe1 31. Rxe1 Qxa4 32.
Ne4 Qxa3 33. Rd1 Rd8 34. Nf6+ Kh8 35. Rc1 Qc5 36. Re1 Qa3 37. Re3 Qc1 38. Kg2 Rd1 39.
Be2 Rg1+ 40. Kf3 Rh1 41. Ke4 Qc2+ 42. Kd4 Rc1 43. Rf3 Qxe2 44. Nxh7 Rd1+ 0-1

[Event "*** Titled Tuesday Blitz"]
[Site "Chess.com"]
[Date "2020.04.28"]
[Round "9"]
[White "Oleksandr_Bortnyk"]
[Black "VerdeNotte"]
[Result "1-0"]
[WhiteElo "3016"]
[BlackElo "2827"]
[TimeControl "180+1"]
[EndTime "11:46:43 PDT"]
[Termination "Oleksandr_Bortnyk won by resignation"]

1. e4 e5 2. Bc4 Nf6 3. d3 Nc6 4. Nc3 Na5 5. Bb3 Bb4 6. Bg5 h6 7. Bxf6 Qxf6 8. Ne2 c6 9. O-O Nxb3 10. axb3 Bc5 11.
Na4 d6 12. Qd2 a6 13. Nxc5 dxc5 14. f4 exf4 15. Rxf4 Qxb2 16. Raf1 Be6 17. Nc3 b5 18. Rb1 Qa3 19. e5 Qa5 20. b4 cxb4 21. Ne4 Qb6+ 22. Kh1 a5 23. Nd6+ Ke7 24. Rbf1 Rhf8 25. Qe1 Qc5 26.
Qg3 g5 27. Rf6 Qxc2 28. Qe3 c5 29. Qe4 Ra7 30. Rxe6+ Kxe6 31. Qc6 Rc7 32. Qxc7 Qxd3 33. Rf6+ Kd5 34. Qb7+ Kd4 35. h3 b3 36. Nxb5+ Kc4 37.
Na3+ Kc3 38. Rf3 Rd8 39. Rxd3+ Rxd3 40. Qb5 Rd1+ 41. Kh2 Kb2 42. Nc4+ Kc2 43. Nxa5 b2 44. Qb3+ Kc1 45. Qc3+ Kb1 46. Nc4 Rd2 47. Qxd2 1-0

[Event "*** Titled Tuesday Blitz"]
[Site "Chess.com"]
[Date "2020.04.28"]
[Round "9"]
[White "WoolworthsManly"]
[Black "tsvet2005"]
[Result "1-0"]
[WhiteElo "2662"]
[BlackElo "2507"]
[TimeControl "180+1"]
[EndTime "11:46:43 PDT"]
[Termination "WoolworthsManly won on time"]

1. e4 c5 2. Nf3 d6 3. Bb5+ Nd7 4. Ba4 a6 5. c4 e6 6. O-O Nf6 7. Nc3 Be7 8. d4 cxd4 9. Nxd4 Qc7 10. Qe2 O-O 11.
Bxd7 Bxd7 12. Bd2 Rfe8 13. Rac1 Rac8 14. b3 Qb8 15. Nf3 Bc6 16. Rfd1 b6 17. Nd4 Bb7 18. Bg5 Qa8 19. f3 h6 20. Be3 Rc7 21. a4 Nd7 22.
Qf2 Rcc8 23. Nde2 Bc6 24. Rb1 Qb7 25. Nd4 Bf6 26. Nxc6 Qxc6 27. Ne2 b5 28. cxb5 axb5 29. a5 b4 30. Qg3 Be5 31. f4 Bf6 32. Qf3 Nc5 33. Ng3 Bh4 34. Rd4 Bxg3 35. hxg3 Qb5 36. Rxd6 Qxa5 37. Bd4 Nb7 38. Rd7 Qb5 39. Qg4 e5 40. Bxe5 Rxe5 41. fxe5 Rc2 42. Rf1 Qc5+ 43. Kh2 h5 44. Qxh5 Rf2 45. Rxf2 Qxf2 46. Rxb7 1-0

[Event "*** Titled Tuesday Blitz"]
[Site "Chess.com"]
[Date "2020.04.28"]
[Round "9"]
[White "GianmarcoVaR"]
[Black "Piotrek1979"]
[Result "0-1"]
[WhiteElo "2538"]
[BlackElo "2415"]
[TimeControl "180+1"]
[EndTime "11:46:43 PDT"]
[Termination "Piotrek1979 won by checkmate"]

1. e4 c6 2. d4 d5 3. e5 Bf5 4.
Nf3 e6 5. Be2 Ne7 6. O-O Nd7 7.
Nbd2 h6 8. c3 c5 9. dxc5 Nxc5 10.
Nd4 a6 11. N2b3 Nd7 12. f4 Be4 13. Be3 Nf5 14. Nxf5 exf5 15. e6 fxe6 16. Bh5+ Ke7 17. Nc5 Nxc5 18. Bxc5+ Kd7 19. Qd4 Bxc5 20. Qxc5 Qe7 21.
Qd4 Rac8 22. Rfd1 Qc5 23. Kf2 g5 24. Bf3 gxf4 25. Ke2 Qxd4 26. Rxd4 Rhg8 27. Kf2 Kd6 28. Rad1 Ke5 29. Rb4 b5 30. a4 Rc4 31. Rxc4 bxc4 32. Rd2 a5 33. Re2 Rb8 34. Rd2 Kd6 35. g3 fxg3+ 36. hxg3 Bxf3 37. Kxf3 e5 38. Rh2 Kc5 39. Ke3 Rb3 40. Rxh6 d4+ 41. Kd2 Rxb2+ 42. Kc1 dxc3 43. Rh5 Kd4 44. Rxf5 Rg2 45. Rf8 c2 46. Rf3 e4 47. Ra3 Rg1+ 48. Kxc2 Rg2+ 49. Kc1 c3 50. Rb3 Kd3 51. Kb1 Rb2+ 52. Rxb2 cxb2 53. g4 e3 54. g5 e2 55. g6 e1=Q+ 56. Kxb2 Qc3+ 57. Ka2 Kc2 58. g7 Qb2# 0-1

[Event "*** Titled Tuesday Blitz"]
[Site "Chess.com"]
[Date "2020.04.28"]
[Round "9"]
[White "kingofthenil"]
[Black "PowerThinking2650"]
[Result "0-1"]
[WhiteElo "2446"]
[BlackElo "2279"]
[TimeControl "180+1"]
[EndTime "11:46:43 PDT"]
[Termination "PowerThinking2650 won by checkmate"]

1. e4 e5 2. Nf3 Nc6 3. Bc4 Nf6 4. d3 h6 5. Nc3 d6 6. Be3 Na5 7. h3 g6 8. Qd2 Bg7 9. a4 Nxc4 10. dxc4 b6 11. Qd3 Bb7 12. Rd1 O-O 13. g4 Nd7 14. h4 Nc5 15. Bxc5 bxc5 16. h5 g5 17. Nh2 Bc8 18. f3 Rb8 19. b3 Be6 20. Nf1 Qe7 21.
Ne3 Rfd8 22. Ncd5 Qd7 23. Kf2 c6 24. Nc3 Qe7 25. Rd2 Rd7 26. Rhd1 Rbd8 27. Ne2 d5 28.
cxd5 cxd5 29. exd5 Bxd5 30. Nxd5 Rxd5 31. Qxd5 Rxd5 32.
Rxd5 e4 33. Rd8+ Kh7 34. R1d7 Qf6 35. Ng1 Qf4 36. Ra8 Bd4+ 37. Kf1 Qc1+ 38. Ke2 Qxc2+ 39. Ke1 Qf2+ 40. Kd1 Qxg1+ 41. Kc2 Qf2+ 42. Kc1 Qf1+ 43. Kc2 Qd3+ 44. Kc1 Be3+ 45. Kb2 Qxd7 46. fxe4 Qd2+ 47.
Ka3 Bd4 48. a5 Qxa5# 0-1

[Event "*** Titled Tuesday Blitz"]
[Site "Chess.com"]
[Date "2020.04.28"]
[Round "9"]
[White "SiddharthGMJagadeesh"]
[Black "Khayala13"]
[Result "1-0"]
[WhiteElo "2484"]
[BlackElo "2338"]
[TimeControl "180+1"]
[EndTime "11:46:44 PDT"]
[Termination "SiddharthGMJagadeesh won on time"]

1. d4 Nf6 2. Nf3 d5 3. c4 e6 4.
Nc3 Bb4 5. Bg5 O-O 6. e3 dxc4 7. Bxc4 Nbd7 8. O-O b6 9. Qe2 Bb7 10. Rfd1 Qc8 11. Rac1 Ne4 12. Nxe4 Bxe4 13. Bb5 h6 14. Bf4 c6 15. Ba4 Qb7 16. Ne5 Nxe5 17. Bxe5 c5 18. a3 Ba5 19. f3 Bg6 20. b4 cxb4 21. Bc6 Qe7 22. Bxa8 Rxa8 23. axb4 Bxb4 24. Qa6 f6 25.
Rc7 Qd8 26. Bg3 e5 27. Rxa7 Rc8 28. d5 Bc5 29. Bf2 Rb8 30. e4 Qd6 31. Qb5 Bxf2+ 32. Kxf2 f5 33. exf5 Bxf5 34. Qc6 Qb4 35. Qc7 Qf8 36. d6 e4 37. d7 Rd8 38. Qxb6 exf3 39. gxf3 Bg4 40. Qb3+ Kh8 41. Kg2 Bh5 42. Re1 Qf6 43.
Qd5 Qg6+ 44. Kh1 Qf6 45. Qxh5 1-0

[Event "*** Titled Tuesday Blitz"]
[Site "Chess.com"]
[Date "2020.04.28"]
[Round "9"]
[White "enriquetejedor"]
[Black "ljuks68"]
[Result "0-1"]
[WhiteElo "2489"]
[BlackElo "2369"]
[TimeControl "180+1"]
[EndTime "11:46:44 PDT"]
[Termination "ljuks68 won by resignation"]

1. e4 e6 2. d4 d5 3. Nc3 Bb4 4. e5 Ne7 5. a3 Bxc3+ 6. bxc3 c5 7. Qg4 Qc7 8. Qxg7 Rg8 9. Qxh7 cxd4 10. Ne2 Nbc6 11. f4 Bd7 12. Qd3 dxc3 13. h4 O-O-O 14. h5 d4 15. h6 Rg6 16. h7 Rh8 17. Rb1 Nf5 18. g3 f6 19. exf6 e5 20. f7 Rf6 21.
g4 Nfe7 22. f5 Rxf7 23. Bg2 Rfxh7 24. Rxh7 Rxh7 25. f6 Rh2 26. Qg3 Rxg2 27. Qxg2 Ng6 28. Qd5 Be8 29. Bh6 Bf7 30. Qc5 Qd7 31. Nxd4 exd4 32.
Qf5 Qxf5 33. gxf5 Nh4 34. Rb5 a6 35. Rc5 Kd7 36. Kf2 b6 37. Rxc6 Kxc6 38. Bf8 Nxf5 39. Kf3 d3 40. cxd3 c2 41. Kf4 c1=Q+ 42. Kxf5 Qf1+ 43.
Ke5 Qxd3 44. Be7 Qd5+ 45. Kf4 Qd4+ 0-1

[Event "*** Titled Tuesday Blitz"]
[Site "Chess.com"]
[Date "2020.04.28"]
[Round "9"]
[White "Ghost_Pepper"]
[Black "Andro2"]
[Result "1-0"]
[WhiteElo "2292"]
[BlackElo "2422"]
[TimeControl "180+1"]
[EndTime "11:46:44 PDT"]
[Termination "Ghost_Pepper won on time"]

1. e4 c6 2. d4 d5 3. Nc3 dxe4 4. Nxe4 Bf5 5. Ng3 Bg6 6. h4 h6 7. Nf3 Nd7 8. h5 Bh7 9. Bd3 Bxd3 10. Qxd3 e6 11.
Bd2 Ngf6 12. O-O-O a5 13. Kb1 Bb4 14. c3 Be7 15. Rde1 a4 16. Ne4 Nxe4 17. Qxe4 Nf6 18. Qe2 Qd5 19. Ne5 a3 20. b3 Nd7 21. f3 c5 22. Nxd7 Qxd7 23. Be3 Bf6 24. Rd1 cxd4 25. Bxd4 Bxd4 26. Rxd4 Qc6 27. Rc4 Qd5 28.
g4 O-O 29. Rd1 Qg5 30. Rcd4 Rfc8 31. f4 Qf6 32. c4 Rd8 33. Qe4 Rxd4 34. Qxd4 Qe7 35.
Kc2 Rc8 36. Qe5 Qb4 37. g5 hxg5 38. fxg5 b5 39. h6 Qf8 40. Rd7 bxc4 41. g6 cxb3+ 42.
Kxb3 Rb8+ 43. Kc2 Qc8+ 44. Rc7 Qf8 45. gxf7+ 1-0

[Event "*** Titled Tuesday Blitz"]
[Site "Chess.com"]
[Date "2020.04.28"]
[Round "9"]
[White "Zmeeed63"]
[Black "pawel83"]
[Result "0-1"]
[WhiteElo "2160"]
[BlackElo "2348"]
[TimeControl "180+1"]
[EndTime "11:46:44 PDT"]
[Termination "pawel83 won by resignation"]

1. d4 Nf6 2. c4 g6 3. Nc3 Bg7 4. Nf3 O-O 5. Bg5 d6 6. e3 b6 7.
Be2 Bb7 8. O-O Nbd7 9. h3 Ne4 10. Nxe4 Bxe4 11. Rc1 c5 12. b3 Rc8 13. Nd2 Bb7 14. Bf3 Bxf3 15. Nxf3 cxd4 16. exd4 Re8 17. Re1 Nf8 18. d5 Nd7 19. Nd4 Bxd4 20. Qxd4 f6 21. Bh4 Qc7 22. Qe4 Ne5 23. f4 Nf7 24. Re2 b5 25.
Qe6 Kg7 26. Kh1 Qa5 27. Qd7 bxc4 28. bxc4 Qc7 29. Qg4 Nh6 30. Qf3 Qd7 31. Bf2 Rc7 32. Qd3 Rec8 33. Rce1 Ng8 34. Re4 Qf5 35. Qe2 Kf7 36.
g4 Qd7 37. h4 Qa4 38. f5 Rxc4 39. fxg6+ hxg6 40. Rxe7+ Kf8 41. Re8+ Rxe8 42. Qxe8+ Qxe8 43. Rxe8+ Kxe8 44. g5 Rc1+ 45. Kg2 Rc2 46. Kf3 Rxa2 47. Be3 fxg5 48. hxg5 0-1

[Event "*** Titled Tuesday Blitz"]
[Site "Chess.com"]
[Date "2020.04.28"]
[Round "9"]
[White "Jumbo"]
[Black "vladislavkovalev"]
[Result "1-0"]
[WhiteElo "2783"]
[BlackElo "2867"]
[TimeControl "180+1"]
[EndTime "11:46:45 PDT"]
[Termination "Jumbo won on time"]

1. d4 Nf6 2. Bf4 d5 3. e3 c5 4. c3 Nc6 5. Nd2 e6 6. Ngf3 cxd4 7. exd4 Nh5 8. Be3 Bd6 9. g3 g6 10. Bh6 f6 11. Be2 Kf7 12. Nf1 Ng7 13. Ne3 Ne7 14. g4 Ng8 15. g5 Nxh6 16. gxh6 Nh5 17. Qb3 Nf4 18. Bf1 Bd7 19. h3 b5 20. a3 Rb8 21.
Ng4 Re8 22. Be2 Qc7 23. Ne3 a5 24. h4 b4 25. axb4 axb4 26. Kf1 bxc3 27. Qxc3 Rec8 28. Qxc7 Rxc7 29. Rb1 Bb4 30. Ne1 Bc3 31. Rc1 Rxb2 32. Nd3 Nxd3 33. Bxd3 Ba5 34. Rxc7 Bxc7 35. h5 g5 36.
Bxh7 Bf4 37. Bg6+ Kg8 38. Ng4 Kh8 39. Kg2 Rb8 40. Ra1 Bb5 41. Ra7 1-0

[Event "*** Titled Tuesday Blitz"]
[Site "Chess.com"]
[Date "2020.04.28"]
[Round "9"]
[White "jaskol95"]
[Black "uchenic"]
[Result "0-1"]
[WhiteElo "2285"]
[BlackElo "2467"]
[TimeControl "180+1"]
[EndTime "11:46:45 PDT"]
[Termination "uchenic won by checkmate"]

1. e4 e6 2. d4 d5 3. Nd2 Nf6 4. e5 Nfd7 5. Bd3 c5 6. c3 Nc6 7. Ne2 cxd4 8. cxd4 f6 9. Nf4 Nxd4 10. Qh5+ Ke7 11. exf6+ Nxf6 12. Ng6+ hxg6 13. Qxh8 Kf7 14. O-O e5 15. Nb3 Nxb3 16. axb3 e4 17. Be2 Be6 18. Bg5 d4 19. Bc4 Bxc4 20. bxc4 Qc7 21. Rfd1 d3 22.
Be3 a6 23. f3 Re8 24. fxe4 Rxe4 25. Bf2 Bc5 26. Bxc5 Qxc5+ 27. Kh1 Qxc4 28. h3 Re2 29. Rac1 Rc2 30. Rxc2 dxc2 31. Rc1 Qd3 32. Qh4 Ne4 33.
Re1 Ng3+ 34. Kh2 Nf1+ 35. Kh1 Ng3+ 36. Kh2 Ne2 37. Qf2+ Kg8 38. Rxe2 c1=Q 39. Re8+ Kh7 40. Qh4+ Qh6 41. Qg3 Qxg3+ 42. Kxg3 Qg5+ 43. Kf3 Qd5+ 44. Kg3 Qd3+ 45. Kh4 Qd4+ 46. g4 Qxb2 47. Kg5 Qc1+ 48. Kh4 Qc6 49. Re5 Qf6+ 50. Rg5 Qf2# 0-1

[Event "*** Titled Tuesday Blitz"]
[Site "Chess.com"]
[Date "2020.04.28"]
[Round "9"]
[White "Koksik_13"]
[Black "Andreikka"]
[Result "0-1"]
[WhiteElo "2716"]
[BlackElo "2963"]
[TimeControl "180+1"]
[EndTime "11:46:46 PDT"]
[Termination "Andreikka won by checkmate"]

1. d4 Nf6 2. Nc3 d5 3. Bf4 a6 4. e3 e6 5. Nf3 c5 6. Bd3 Nc6 7. O-O Be7 8. dxc5 Bxc5 9. Qe2 Nh5 10. Bg5 Be7 11. Bxe7 Qxe7 12. e4 Nf4 13. Qe3 Nxd3 14. cxd3 dxe4 15. dxe4 O-O 16. e5 b5 17. Ne4 Bb7 18.
Nd6 Nb4 19. Nd4 Nd5 20. Qg3 Rfd8 21. f4 Rxd6 22. exd6 Qxd6 23. Rad1 Rc8 24. Rd2 Qb4 25. Rfd1 h6 26. a3 Qe7 27. Qf2 Nf6 28. Qe3 Bd5 29.
Rc2 Rd8 30. Rdc1 Qb7 31. Rc7 Qb8 32. b3 Be4 33. R7c5 Qd6 34. Rc8 Rxc8 35. Rxc8+ Kh7 36. b4 Qd5 37. Rc5 Qa2 38. Ne2 Bf5 39. Rc1 Nd5 40.
Qf2 Qd2 41. Re1 Qb2 42. Ng3 Qxa3 43. Nxf5 exf5 44. Qf3 Qxb4 45. Qxd5 Qxe1# 0-1

[Event "*** Titled Tuesday Blitz"]
[Site "Chess.com"]
[Date "2020.04.28"]
[Round "9"]
[White "Olga_Zhuravleva"]
[Black "PIwan"]
[Result "1-0"]
[WhiteElo "2287"]
[BlackElo "2547"]
[TimeControl "180+1"]
[EndTime "11:46:47 PDT"]
[Termination "Olga_Zhuravleva won on time"]

1. e4 e6 2. d4 d5 3. Nd2 Be7 4. Bd3 c5 5. exd5 Qxd5 6. Ngf3 cxd4 7. Bc4 Qd6 8. O-O Nf6 9. Nb3 a6 10. Nbxd4 b5 11. Bb3 Bb7 12. c3 Nbd7 13. h3 Nc5 14. Bc2 O-O 15. Qe2 Rfe8 16. Bg5 Nd5 17. Bd2 Nf4 18. Qe3 Ng6 19. Rad1 Qd5 20. Bb1 Rad8 21. Bc1 Qh5 22. Rfe1 Bd6 23. Bc2 Nf4 24. b4 Nd5 25.
Qd2 Bf4 26. Re3 Na4 27. Bxa4 bxa4 28. Qc2 Nxe3 29. fxe3 Bg3 30. Qxa4 e5 31. Ne2 Bxf3 32.
Nxg3 Rxd1+ 33. Kf2 Red8 34. Nxh5 Bxh5 35. Ba3 Bg6 36.
b5 axb5 37. Qxb5 h6 38. c4 R8d2+ 39. Kg3 Be4 40. Qe8+ Kh7 41. Qxe5 Rxg2+ 42. Kf4 g5+ 43. Kxe4 1-0

[Event "*** Titled Tuesday Blitz"]
[Site "Chess.com"]
[Date "2020.04.28"]
[Round "9"]
[White "MaxLeto"]
[Black "emperor87"]
[Result "0-1"]
[WhiteElo "2361"]
[BlackElo "2587"]
[TimeControl "180+1"]
[EndTime "11:46:47 PDT"]
[Termination "emperor87 won by resignation"]

1. g4 d6 2. g5 e5 3. d4 exd4 4. Qxd4 Nc6 5. Qa4 g6 6. Bg2 Bd7 7. Nf3 Bg7 8. c3 Nge7 9. Na3 a6 10. Bd2 Ne5 11. Qb3 Nxf3+ 12. Bxf3 Rb8 13. h4 Be6 14. Qa4+ Qd7 15. Qxd7+ Kxd7 16. h5 gxh5 17. Rxh5 Bf5 18. O-O-O b5 19. Nc2 c5 20. Ne3 Bg6 21. Rh4 Nc6 22.
Bg4+ Kc7 23. Nd5+ Kb7 24. Bf4 Ne5 25. Bxe5 dxe5 26. f3 Rbd8 27. e4 h6 28. gxh6 Rxh6 29. Rxh6 Bxh6+ 30. Kc2 c4 31. b3 cxb3+ 32. axb3 Bg5 33.
Kb2 f6 34. Rh1 a5 35. c4 bxc4 36. bxc4 Ka6 37. Kc3 Bf7 38. Rb1 Bxd5 39. exd5 Be3 40. Bf5 Bc5 41. Rb5 Bb4+ 42. Kb3 Rd6 43. Bd3 Ka7 44. Ka4 Rb6 45. Rxb6 Kxb6 46. Kb3 Kc5 47. Bf5 Kd4 48. Be4 Ke3 49. Ka4 Kf4 50. Kb5 f5 51. Bc2 Kxf3 52. Bxf5 e4 53. c5 Kf4 54. Bg6 e3 55.
Bh5 Ke5 56. d6 Ke6 57. Bg4+ Kf7 58. d7 Ke7 59. c6 Kd8 60. Kb6 Bd6 61. Kb5 Bc7 62.
Be2 Ke7 63. Bd3 Kd6 64. Be2 Ke5 65. Ka6 a4 66. Kb7 Kd6 67. Bc4 a3 68. Bb5 a2 0-1

[Event "*** Titled Tuesday Blitz"]
[Site "Chess.com"]
[Date "2020.04.28"]
[Round "9"]
[White "benko_008"]
[Black "SummertimeFun"]
[Result "1-0"]
[WhiteElo "2495"]
[BlackElo "2288"]
[TimeControl "180+1"]
[EndTime "11:46:47 PDT"]
[Termination "benko_008 won on time"]

1. Nf3 Nf6 2. c4 b6 3. Nc3 Bb7 4. e3 e6 5. d4 Be7 6. Bd3 O-O 7.
e4 d6 8. e5 Nfd7 9. exd6 Bxd6 10. O-O c5 11. Ne4 Be7 12. dxc5 Nxc5 13. Nxc5 Bxc5 14. Ng5 g6 15. Nxh7 Kxh7 16. Qh5+ Kg8 17. Bxg6 fxg6 18. Qxg6+ Kh8 19. Qh6+ Kg8 20. Qxe6+ Rf7 21.
Bh6 Qf6 22. Qg4+ Kh7 23. Bg5 Qg6 24. Rae1 Nd7 25. Re6 Qg7 26. Rh6+ Kg8 27. Qh5 Raf8 28. Rg6 Qxg6 29. Qxg6+ Rg7 30. Qe6+ Kh7 31. h4 Rff7 32.
Qh6+ Kg8 33. Qe6 Nf6 34. Kh2 Nh5 35. f3 Nf4 36. Bxf4 Kh8 37. Be5 Kh7 38. Bxg7 Rxg7 39. Qf5+ Kg8 40. Re1 Bd6+ 41. Kg1 Bc5+ 42. Kf1 Ba6 43.
Re8+ 1-0

[Event "*** Titled Tuesday Blitz"]
[Site "Chess.com"]
[Date "2020.04.28"]
[Round "9"]
[White "StockholmMissile"]
[Black "GiorgianBarbosa"]
[Result "1-0"]
[WhiteElo "2462"]
[BlackElo "2312"]
[TimeControl "180+1"]
[EndTime "11:46:47 PDT"]
[Termination "StockholmMissile won on time"]

1. d4 Nf6 2. Bg5 e6 3. e4 h6 4.
Bxf6 Qxf6 5. c3 d6 6. Nf3 e5 7. Nbd2 Bg4 8. Qb3 b6 9. dxe5 dxe5 10. Qb5+ Nd7 11. Bc4 c6 12. Qb3 Nc5 13. Qc2 Be7 14.
O-O O-O 15. h3 Be6 16. Be2 Rad8 17. b4 Nd7 18. a4 c5 19. b5 Rfe8 20. Nc4 Bxc4 21.
Bxc4 Nf8 22. a5 Ng6 23. axb6 axb6 24. Rfd1 Nf4 25. Bf1 c4 26. Kh2 Qg6 27. g3 Qh5 28. Nd2 Nd3 29. Nxc4 Nc5 30. Bg2 Bg5 31. Nxb6 Qg6 32.
Nc4 Qe6 33. Qe2 Nb3 34. Ra6 Qc8 35. Rc6 Qb8 36. Rxd8 Rxd8 37. b6 Be7 38. Qa2 Nc5 39.
Qa7 Nd3 40. Qxb8 Rxb8 41. Nxe5 Nxe5 42. Rc7 Bd6 43. Ra7 Rxb6 44. f4 Nc4 45. e5 Bf8 46. Bd5 Rb2+ 47. Kg1 Ne3 48. Bxf7+ Kh8 49. Ra8 1-0

[Event "*** Titled Tuesday Blitz"]
[Site "Chess.com"]
[Date "2020.04.28"]
[Round "9"]
[White "BillieKimbah"]
[Black "crescentmoon2411"]
[Result "1-0"]
[WhiteElo "2863"]
[BlackElo "2809"]
[TimeControl "180+1"]
[EndTime "11:46:48 PDT"]
[Termination "BillieKimbah won on time"]

1. d4 Nf6 2. c4 e6 3. Nf3 d5 4.
g3 Bb4+ 5. Bd2 Be7 6. Bg2 O-O 7. Qc2 c6 8. b3 Nbd7 9. Nc3 b6 10. e4 dxe4 11.
Nxe4 Nxe4 12. Qxe4 Bb7 13. Rd1 Qc8 14. Ne5 Nxe5 15.
dxe5 Rb8 16. O-O c5 17. Qg4 Rd8 18. Bh6 g6 19. Rxd8+ Qxd8 20. Rd1 Qc7 21. Bxb7 Qxb7 22. Bg5 h5 23. Qh4 Bxg5 24. Qxg5 Qf3 25. Rd7 Kg7 26. Rxa7 b5 27. cxb5 Rxb5 28. Qd8 Qf5 29. h4 Qb1+ 30. Kh2 Qf5 31. Qd2 Qxe5 32. Ra4 Rb8 33. Rc4 Rc8 34.
Qc2 Ra8 35. a4 Ra5 36. Qd2 Ra8 37. Qc2 Ra5 38. Re4 Qf6 39. Rf4 Qe5 40. Qd2 Ra7 41.
Rc4 Rb7 42. Qc2 Qf6 43. Rc3 Qf5 44. Qd2 Qd5 45. Qc2 Qd4 46. a5 1-0

[Event "*** Titled Tuesday Blitz"]
[Site "Chess.com"]
[Date "2020.04.28"]
[Round "9"]
[White "Corpescador"]
[Black "nfds"]
[Result "1-0"]
[WhiteElo "2382"]
[BlackElo "2490"]
[TimeControl "180+1"]
[EndTime "11:46:48 PDT"]
[Termination "Corpescador won on time"]

1. e4 e5 2. Nf3 Nc6 3. Bb5 a6 4. Ba4 Nf6 5. O-O Nxe4 6. d4 b5 7. Bb3 d5 8. dxe5 Be6 9. Qe2 Bc5 10. Be3 Qe7 11. Rd1 Rd8 12. a4 Bxe3 13. Qxe3 O-O 14. Nc3 Nxc3 15. Qxc3 Nb4 16. axb5 axb5 17. Ra7 Rd7 18. Rb7 c6 19. Rxd7 Bxd7 20. h3 Na6 21.
Ba2 Nc5 22. Qe3 Ne4 23. c3 Ra8 24. Bb1 Ra1 25. Kh2 f5 26. exf6 Qxf6 27. Bc2 Qd6+ 28. g3 Rxd1 29. Bxd1 Qe6 30. Ng1 Qf5 31. Bg4 Qf7 32. Bf3 Nf6 33. Kg2 Bf5 34. g4 Be4 35. Qc5 h5 36. Qxc6 hxg4 37. hxg4 Nxg4 38. Qc8+ Kh7 39.
Qxg4 Bf5 40. Qg3 Be6 41. Nh3 Qf6 42. Ng5+ Kg8 43. Nxe6 Qxe6 44. Qg5 Kf8 45. Bxd5 Qd6 46. Qf5+ Ke7 47. Qf7+ Kd8 48. Qg8+ Kc7 49. Qxg7+ Kb6 50. Qb7+ Ka5 51. Qa7+ 1-0

[Event "*** Titled Tuesday Blitz"]
[Site "Chess.com"]
[Date "2020.04.28"]
[Round "9"]
[White "XDPS"]
[Black "manitodeplomo"]
[Result "1-0"]
[WhiteElo "2772"]
[BlackElo "2613"]
[TimeControl "180+1"]
[EndTime "11:46:49 PDT"]
[Termination "XDPS won on time"]

1. e4 c5 2. Nf3 e6 3. d4 cxd4 4.
Nxd4 a6 5. Be2 b5 6. a4 b4 7. O-O Bb7 8. Bf3 Qc7 9. c3 Nf6 10. Re1 Nc6 11. Nxc6 dxc6 12. cxb4 Bxb4 13. Nc3 O-O 14. Qc2 c5 15. Bg5 Qe5 16. Bh4 Rfd8 17. Bg3 Qg5 18. Rad1 Rd4 19. h4 Qh6 20. Qb3 Rad8 21.
Rxd4 Rxd4 22. Be5 Rd2 23. g3 Qg6 24. Rd1 Rxd1+ 25. Qxd1 h5 26. Qd3 Bxc3 27. Bxc3 Bxe4 28. Bxe4 Qxe4 29. Qxa6 Nd5 30. Qc8+ Kh7 31. Qxc5 Qxa4 32. Bd4 Qd1+ 33. Kg2 Qg4 34. Be3 f5 35. Bg5 Qe4+ 36. Kh2 f4 37. Qc1 fxg3+ 38. fxg3 Qe2+ 39. Kh3 Qf3 40. Qb1+ Kg8 41. Qe1 e5 42. Kh2 e4 43.
Qd2 e3 44. Qd3 1-0

[Event "*** Titled Tuesday Blitz"]
[Site "Chess.com"]
[Date "2020.04.28"]
[Round "9"]
[White "TargetA"]
[Black "albi1999"]
[Result "1-0"]
[WhiteElo "2516"]
[BlackElo "2630"]
[TimeControl "180+1"]
[EndTime "11:46:49 PDT"]
[Termination "TargetA won by resignation"]

1. c4 e5 2. Nc3 Bb4 3. g3 Bxc3 4.
bxc3 d6 5. d4 Nc6 6. Bg2 Nge7 7.
Nf3 O-O 8. O-O h6 9. Rb1 Rb8 10.
Qc2 b6 11. Rd1 Qe8 12. e4 f6 13. Be3 Qh5 14. c5 Bg4 15. d5 Na5 16. cxd6 cxd6 17. Nd2 Bxd1 18. Rxd1 Rfc8 19. Bf3 Qg6 20. Qd3 Rc7 21. Qe2 Rxc3 22. Bh5 Qh7 23. Qg4 f5 24. exf5 Qxf5 25. Qe2 Rc2 26. Bg4 Qg6 27. Be6+ Kh8 28. Qf3 Rc7 29. Ne4 Nc4 30. Bc1 b5 31. h4 Qh7 32. h5 a5 33. g4 Rcc8 34. g5 Rf8 35. Qg4 hxg5 36. Nxg5 Qc2 37. Rf1 Nd2 38. h6 gxh6 39.
Nf7+ Rxf7 40. Bxf7 Nf3+ 41. Kg2 Nd2 42. Rh1 Qe4+ 43. Qxe4 Nxe4 44. Bxh6 Nf5 45. Bf8+ 1-0

[Event "*** Titled Tuesday Blitz"]
[Site "Chess.com"]
[Date "2020.04.28"]
[Round "9"]
[White "DenishevM"]
[Black "MRBigtimer"]
[Result "0-1"]
[WhiteElo "2552"]
[BlackElo "2354"]
[TimeControl "180+1"]
[EndTime "11:46:49 PDT"]
[Termination "MRBigtimer won by resignation"]

1. Nf3 c5 2. b3 Nc6 3. Bb2 d6 4. e3 Nf6 5. d4 cxd4 6. Nxd4 Nxd4 7. Bxd4 e5 8. Bb2 Be7 9. Be2 O-O 10. O-O Be6 11. c4 Rc8 12. Nc3 a6 13. Bf3 Qc7 14. Rc1 Rfd8 15. Nd5 Bxd5 16. Bxd5 Nxd5 17. Qxd5 Qc6 18.
Rfd1 Qd7 19. Bxe5 b5 20. c5 Qf5 21. Bg3 Qxd5 22. Rxd5 dxc5 23. e4 Rxd5 24. exd5 Rd8 25.
Rd1 Bd6 26. Kf1 f5 27. Bxd6 Rxd6 28. f4 Kf7 29. Ke2 Ke7 30. Ke3 Rg6 31. g3 Kd6 32. a3 Rh6 33. Rd2 Rf6 34. a4 Rf8 35. Ke2 Re8+ 36. Kd1 Re4 37. axb5 axb5 38. Kc2 Rd4 39.
Re2 Rxd5 40. Re8 Kc6 41. Re7 Rd7 42. Re5 g6 43. Re6+ Kd5 44. Re5+ Kd4 45. h4 Ra7 46. Kb2 c4 47. Rxb5 c3+ 48. Kc1 Re7 49. Rb8 Re1+ 50.
Kc2 Re2+ 51. Kc1 Rg2 52. b4 Rxg3 53. b5 Rg1+ 54. Kc2 Rg2+ 55. Kc1 Rb2 56. b6 Ke4 57. b7 Kxf4 0-1